 Dungeon Crawl Stone Soup version 0.26.0-16-gc1dbca0489 (webtiles) character file.

Game seed: 17520159880265024008

18 vvl the Stinger (level 2, 0/19 HPs)
             Began as a Demonspawn Venom Mage on Jan 20, 2021.
             Slain by a jackal (3 damage)
             ... on level 1 of the Dungeon.
             The game lasted 00:01:46 (679 turns).

vvl the Stinger (Demonspawn Venom Mage)              Turns: 679, Time: 00:01:47

Health: 0/19       AC:  2    Str:  8    XL:     2   Next: 48%
Magic:  5/5        EV: 12    Int: 16    God:
Gold:   12         SH:  0    Dex: 13    Spells: 4/5 levels left

rFire    . . .     SeeInvis .   h - +1 short sword (venom)
rCold    . . .     Faith    .   (no shield)
rNeg     . . .     Spirit   .   a - +0 robe
rPois    .         Reflect  .   (no helmet)
rElec    .         Harm     .   (no cloak)
rCorr    .         Rampage  .   (no gloves)
Will     .....                  (no boots)
Stlth    ++........             (no amulet)
HPRegen  0.06/turn              (no ring)
MPRegen  0.09/turn              (no ring)

@: no status effects
A: miasma immunity
a: no special abilities


You were on level 1 of the Dungeon.
You visited 1 branch of the dungeon, and saw 1 of its levels.

You collected 12 gold pieces.

Inventory:

Hand Weapons
 b - a +1 vorpal spear
 e - a cursed -3 mace
 h - a +1 short sword of venom (weapon)
Armour
 a - a +0 robe (worn)
Scrolls
 c - 2 scrolls of teleportation {unknown}
 d - a scroll of amnesia {unknown}
 f - a scroll of fog {unknown}
 g - a scroll of identify {unknown}
 j - 3 scrolls of fear {unknown}
 k - a scroll of remove curse {unknown}
 l - a scroll of random uselessness {unknown}
Potions
 i - a potion of magic {unknown}


   Skills:
 + Level 0.0 Armour
 - Level 1.7 Dodging
 - Level 1.7 Stealth
 + Level 2.2 Spellcasting
 * Level 1.4 Necromancy
 + Level 1.2 Transmutations
 + Level 3.1 Poison Magic


You had 4 spell levels left.
You knew the following spells:

 Your Spells              Type           Power        Failure   Level
a - Sting                 Tmut/Pois      32%          9%          1

Your spell library contained the following spells:

 Spells                   Type           Power        Failure   Level
 Poisonous Vapours        Pois/Air       12%          16%         2
 Ignite Poison            Fire/Tmut/Pois 6%           32%         3
 Mephitic Cloud           Conj/Pois/Air  5%           36%         3
 Olgreb's Toxic Radiance  Pois           11%          50%         4


Dungeon Overview and Level Annotations

Branches:
Dungeon (1/15)

Altars:


Innate Abilities, Weirdness & Mutations

You are immune to miasma.


Message History

The jackal bites you.
The jackal bites you but does no damage.
The rat bites you.
You hit the jackal.
The jackal looks as sick as possible!
The jackal is heavily wounded.
You kill the jackal!
The jackal bites you but does no damage.
The rat closely misses you. The jackal bites you. The jackal misses you.
You barely miss the jackal. The jackal bites you. The jackal misses you.
The rat closely misses you.
You closely miss the jackal. The jackal bites you. x2
* * * LOW HITPOINT WARNING * * *
The rat barely misses you. The jackal bites you.
* * * LOW HITPOINT WARNING * * *
The jackal closely misses you.
You are too injured to fight recklessly!
You are too injured to fight recklessly!
You are too injured to fight recklessly!
You barely miss the jackal. The jackal bites you.
You die...

#.#..#######.#######
#.#.......⌠#.# . ...
######
#.#.....##.#.#.##...
......
#.#......#.#.#.#....
...)..
#.##.......#.#......
......
#.#.#...............
......
#.#..#...........[.#
......
##########h########
......
.......h@r......
#####.
##..>########### #.
...# #. ## #.


You could see 2 jackals and a rat.

Vanquished Creatures
  A dart slug (D:1)
  A leopard gecko (D:1)
  A giant cockroach (D:1)
  5 jackals (D:1)
  A bat (D:1)
  2 frilled lizards (D:1)
  A goblin (D:1)
  2 kobolds (D:1)
  A rat (D:1)
15 creatures vanquished.

Notes
Turn   | Place    | Note
-------+----------+-------------------------------------------
     0 | D:1      | vvl the Demonspawn Venom Mage began the quest for the Orb.
     0 | D:1      | Reached XP level 1. HP: 13/13 MP: 3/3
    24 | D:1      | Reached skill level 1 in Transmutations
   313 | D:1      | Reached skill level 1 in Necromancy
   313 | D:1      | Gained mutation: You are immune to miasma. [demonic
                  | ancestry]
   313 | D:1      | Reached XP level 2. HP: 12/19 MP: 5/5
   679 | D:1      | Slain by a jackal

Illustrated notes

Levels and vault maps discovered:
D:1:      matt_arrival_grand_opening, layout_basic

Skill      XL: |  1 |
---------------+----+-----
Transmutations | 1 |  1.2
Necromancy     | 1 |  1.4
Dodging        | |  1.7
Stealth        | |  1.7
Spellcasting   | |  2.2
Poison Magic   | |  3.1

Action                   || total
-------------------------++-------
Melee: Spear             ||    35
       Short sword       ||    12
 Stab: Sleeping          ||     2
Armor: Robe              ||    10
Dodge: Dodged            ||    39
